 Dungeon Crawl Stone Soup version 0.31.0-32-g396128a36d (webtiles) character file.

Game seed: 13146347475990796694

2452 firemarshallily the Thaumaturge (level 9, -5/78 HPs)
             Began as a Grey Draconian Conjurer on Mar 30, 2024.
             Was a Follower of Sif Muna.
             Slain by a vault guard
             ... wielding a +0 broad axe
              (7 damage)
             ... in a bailey.
             The game lasted 00:18:16 (6995 turns).

firemarshallily the Thaumaturge (DrCj)              Turns: 6995, Time: 00:18:17

Health: -5/78      AC: 17    Str: 10    XL:     9   Next: 25%
Magic:  19/21      EV: 12    Int: 23    God:    Sif Muna [*.....]
Gold:   225        SH:  0    Dex:  9    Spells: 17/24 levels left

rFire   . . .        c - +2 short sword (drain)
rCold   . . .        (no shield)
rNeg    . . .        (body armour unavailable)
rPois   .            (helmet restricted)
rElec   .            (no cloak)
rCorr   .            j - +2 pair of gloves
SInv    .            t - +1 pair of boots
Will    .....        (no amulet)
Stlth   ++           (no ring)
HPRegen 0.33/turn    (no ring)
MPRegen 0.17/turn

%: no passive effects
@: attractive
A: AC +12, amphibious, unfitting armour, cold-blooded
a: Renounce Religion, Channel Magic


You were in a bailey.
You worshipped Sif Muna.
Sif Muna was aware of your devotion.
You visited 2 branches of the dungeon, and saw 8 of its levels.
You also visited: Bailey.

You collected 225 gold pieces.

Inventory:

Hand Weapons
 c - a +2 short sword of draining (weapon)
Missiles
 n - 10 boomerangs
 o - 2 javelins
Armour
 j - a +2 pair of gloves (worn)
 t - a +1 pair of boots (worn)
Jewellery
 l - a ring of ice
Wands
 r - a wand of digging (7)
Scrolls
 h - a scroll of identify
 i - a scroll of immolation
 k - a scroll of fog
Potions
 d - a potion of ambrosia
 e - 3 potions of might
 f - 2 potions of brilliance
 p - a potion of enlightenment


   Skills:
 + Level 6.6 Fighting
 - Level 1.7 Dodging
 - Level 1.7 Stealth
 * Level 8.4 Spellcasting
 + Level 7.4 Conjurations


You had 17 spell levels left.
You knew the following spells:

 Your Spells              Type           Power      Damage    Failure   Level
a - Magic Dart            Conj           100%       1d8       1%          1
b - Searing Ray           Conj           88%        2d7       1%          2
c - Fulminant Prism       Conj/Alch      13%        3d8       14%         4

Your spell library contained the following spells:

 Spells                   Type           Power      Damage    Failure   Level
 Iskenderun's Mystic Bla  Conj/Tloc      26%        2d7       14%         4
 Gell's Gravitas          Tloc           9%         N/A       21%         3
 Ozocubu's Armour         Ice            9%         N/A       21%         3
 Teleport Other           Tloc           9%         N/A       21%         3
 Metabolic Englaciation   Hex/Ice        4%         N/A       88%         5
 Dispersal                Tloc           4%         N/A       100%        6
 Sculpt Simulacrum        Ice/Alch       4%         N/A       100%        6


Dungeon Overview and Level Annotations

Branches:
Dungeon (7/15)             Temple (1/1) D:5          Bailey (1/1)

Altars:
Cheibriados
Dithmenos
Elyvilon
Fedhas
Hepliaklqana
Makhleb
Okawaru
Qazlal
Ru
Sif Muna
Trog
Uskayaw
Vehumet
Wu Jian
Xom
Yredelemnul
The Shining One

Annotations:
D:3 1 runed translucent door, Crazy Yiuf


Innate Abilities, Weirdness & Mutations

Your dull iron-grey scales are very hard. (AC +12)
You are amphibious.
You cannot fit into any form of body armour.
You are cold-blooded and may be slowed by cold attacks.


Message History

Aiming: Fulminant Prism (dangerous; 14% risk of failure)
Press: ? - help, Dir - move target You conjure a prism of explosive energy!
A fulminant prism comes into view.
The vault guard hits you but does no damage.
Unknown command.
Casting: Fulminant Prism (dangerous; 14% risk of failure)
Confirm with . or Enter, or press ? or * to list all spells.
Aiming: Searing Ray (safe; 1% risk of failure)
Press: ? - help, Shift-Dir - straight line The searing ray hits the vault guard.
The vault guard is heavily wounded. (Press . to maintain the ray.)
The vault guard barely misses you.
Your fulminant prism crackles loudly.
The searing ray hits the vault guard but does no damage.
The vault guard is heavily wounded.
The vault guard misses you.
Your fulminant prism explodes!
The blast of energy engulfs the vault guard!
The vault guard is heavily wounded.
The searing ray hits the vault guard.
The vault guard is severely wounded.
The vault guard hits you but does no damage.
Without enough magic to sustain it, your searing ray dissipates.
The vault guard hits you with a +0 broad axe!
* * * LOW HITPOINT WARNING * * *
Okay, then.
Magic courses through your body.
The vault guard hits you but does no damage.
Something unseen opens the door.
Casting: Searing Ray (safe; 1% risk of failure)
Confirm with . or Enter, or press ? or * to list all spells.
Aiming: Searing Ray (safe; 1% risk of failure)
Press: ? - help, Shift-Dir - straight line The searing ray hits the vault guard!
The vault guard is severely wounded. (Press . to maintain the ray.)
The vault guard hits you with a +0 broad axe!
You die...

#...).#...#
###†###..##
#≈~..≈#..+
#≈~..≈####
##≈~.≈##≈##
#≈~.~≈≈~≈#
#≈~..~~~≈##
##≈~.~.~~~≈#
#≈~.@~.~~~≈#
#≈~p†..~~~≈#
#≈~.~...~~~≈#
≈≈≈~~~..~.~~~≈#
.....~....~~≈##
~~~.......~~≈#
#~~~##'##~~≈##
##~# .. #≈##


You could see a vault guard (drained).

Vanquished Creatures
  2 humans (Bailey)
  Edmund (D:6)
  3 ice beasts (D:6)
  2 black bears
  2 ogres
  2 phantoms
  7 bullfrogs (Bailey)
  A scorpion (D:5)
  A crimson imp (D:5)
  3 jellies
  2 orc priests
  6 hounds
  A gnoll bouda (D:5)
  2 sleepcaps
  2 iguanas
  An orc wizard (D:6)
  6 adders
  10 gnolls
  A ribbon worm (D:3)
  2 dart slugs
  20 orcs
  4 bats
  9 endoplasms
  2 giant cockroaches
  12 goblins
  5 hobgoblins
  11 jackals
  8 kobolds
  2 quokkas (D:1)
  7 ball pythons
  3 frilled lizards (D:1)
  2 rats
142 creatures vanquished.

Vanquished Creatures (others)
  3 fulminant prisms (Bailey)
3 creatures vanquished.

Grand Total: 145 creatures vanquished

Notes
Turn   | Place    | Note
-------+----------+-------------------------------------------
     0 | D:1      | firemarshallily the Draconian Conjurer began the quest for
                  | the Orb.
     0 | D:1      | Reached XP level 1. HP: 14/14 MP: 3/3
   282 | D:1      | Reached XP level 2. HP: 22/22 MP: 5/5
   408 | D:1      | Reached skill level 1 in Fighting
   867 | D:1      | Reached XP level 3. HP: 28/28 MP: 5/7
  1189 | D:2      | Found a shimmering altar of Xom.
  1444 | D:2      | Reached skill level 3 in Spellcasting
  2034 | D:3      | Found a runed translucent door.
  2035 | D:3      | Noticed Crazy Yiuf
  2101 | D:3      | Reached XP level 4. HP: 36/36 MP: 0/9
  3040 | D:3      | Found an iron altar of Okawaru.
  3040 | D:3      | Found a white marble altar of Elyvilon.
  3040 | D:3      | Found a hazy altar of Hepliaklqana.
  3118 | D:3      | Learned a level 2 spell: Searing Ray
  3303 | D:4      | Found a hide-covered altar of Uskayaw.
  3322 | D:4      | Reached XP level 5. HP: 41/41 MP: 7/10
  3634 | D:4      | Noticed a phantom
  3656 | D:4      | Killed a phantom
  3657 | D:4      | Reached skill level 4 in Spellcasting
  3657 | D:4      | Reached skill level 5 in Conjurations
  3800 | D:4      | Reached XP level 6. HP: 51/51 MP: 8/12
  3903 | D:4      | Identified the +2 robe of Ru's Inspiration {rElec rN+ Str+2
                  | Dex+3}
  3918 | D:5      | Entered Level 5 of the Dungeon
  4117 | D:5      | Reached skill level 5 in Spellcasting
  4151 | D:5      | Your scales start taking on a dull iron-grey colour.
  4151 | D:5      | Reached XP level 7. HP: 58/58 MP: 3/14
  4379 | D:5      | Reached skill level 6 in Spellcasting
  4581 | D:5      | Found a radiant altar of Vehumet.
  4871 | D:5      | Found a staircase to the Ecumenical Temple.
  4945 | Temple   | Entered the Ecumenical Temple
  4952 | Temple   | Became a worshipper of Sif Muna the Loreminder
  4988 | D:5      | Found a basalt altar of Yredelemnul.
  4988 | D:5      | Found a blossoming altar of Fedhas.
  5215 | D:5      | Found a burning altar of Makhleb.
  5491 | D:6      | Learned a level 4 spell: Fulminant Prism
  5518 | D:6      | Reached XP level 8. HP: 67/67 MP: 10/17
  5767 | D:6      | Reached skill level 5 in Fighting
  5978 | D:6      | Noticed Edmund
  6002 | D:6      | Killed Edmund
  6003 | D:6      | Reached skill level 7 in Spellcasting
  6699 | D:7      | Found a flagged portal.
  6715 | D:7      | Reached * piety under Sif Muna
  6746 | Bailey   | Entered a bailey
  6886 | Bailey   | Reached XP level 9. HP: 69/75 MP: 11/20
  6889 | Bailey   | Reached skill level 8 in Spellcasting
  6970 | Bailey   | Noticed a vault guard
  6993 | Bailey   | HP: 1/78 [vault guard/+0 broad axe (17)]
  6995 | Bailey   | Slain by a vault guard

Illustrated notes

Levels and vault maps discovered:
D:1:      dpeg_arrival_arbitrary_a, layout_basic
D:2:      layout_basic, basic_altar, supply_closet_lemuel, minmay_misc_feat_chi
D:3:      layout_basic, gammafunk_temple_overflow_forgotten,
          uniq_crazy_yiuf_cottage
D:4:      layout_rooms, nicolae_overflow_hidden_temple
D:5:      layout_layer_cave, vehumet_crystals, makhleb_grotto_becter,
          gammafunk_temple_overflow_elements, temple_statues
D:6:      layout_loops_ring, uniq_edmund
D:7:      layout_loops_corners, regret_index_kikubaaqudgha_part_by_part,
          nemelex_xobeh_ov_fountains_minmay, grunt_gozag_breadcrumbs,
          nicolae_ossuary_entry_giza, enter_bailey_5, minivault_26,
          nicolae_shop_overcharged_wands
Temple:   nicolae_temple_cloud_nine
Bailey:   bailey_axe_froggy_fort_hellmonk, bailey

Skill      XL: |  1  2  3  4  5  6  7  8  9 |
---------------+----------------------------+-----
Fighting       | 1 2 3 4 6 |  6.6
Spellcasting   | 3 4 5 6 7 8 |  8.4
Conjurations   | 5 6 7 |  7.4
Dodging        | |  1.7
Stealth        | |  1.7

Action                     |  1- 3 |  4- 6 |  7- 9 || total
---------------------------+-------+-------+-------++-------
  Melee: Short sword       |    74 |    20 |   134 ||   228
         Tailslap          |     9 |     3 |    18 ||    30
         Punch             |     1 |       |     2 ||     3
   Cast: Magic Dart        |    58 |    63 |    93 ||   214
         Searing Ray       |       |     5 |    24 ||    29
         Fulminant Prism   |       |       |     3 ||     3
    Use: Scroll            |       |       |    10 ||    10
         Potion            |       |       |     9 ||     9
 Armour: Skin              |    43 |    14 |   209 ||   266
  Dodge: Dodged            |    68 |    20 |   168 ||   256
